cohdb
Replays
Latest Replays
All Replays
Popular Replays
Top Player Replays
Match Explorer
How It Works
Community
CoH3 Stats
Reddit
Sign in to upload your games and track your stats! →
Sign in with Steam
Match 38697293
Unlisted
Match 38697293
Overview
Messages
Build Orders
End
Kradschützen Motorcycle Team
Selects Battlefield Espionage Battlegroup
Panzergrenadier Squad
250 Light Carrier
Panzergrenadier Squad
Construct Light Support Kompanie
Construct Mechanized Kompanie
Panzergrenadier Squad
Selects 250/3 Funkpanzerwagen
MG34 Team
Construct Mechanized Kompanie
Panzerjäger Mechanized Group
8 Rad Armored Car
2.5-tonne Medical Truck
Selects Anti-Tank Incendiary Munitions
Vehicle Survival Package
Veteran Squad Leaders
Marder III Tank Destroyer
Hawker Typoon
StephennJF
0
0
Comments
sign in to comment!
No comments posted yet!